 Dungeon Crawl Stone Soup version 0.28.0-45-g0d030f2227 (webtiles) character file.

Game seed: 6915305327143672293

480 Icepheonix32 the Skirmisher (level 6, -3/39 (49) HPs)
             Began as a Demonspawn Fighter on Apr 12, 2022.
             Slain by a wight
             ... wielding a +0 halberd
              (12 damage)
             ... on level 4 of the Dungeon.
             The game lasted 00:03:13 (3195 turns).

Icepheonix32 the Skirmisher (Demonspawn Fighter)    Turns: 3195, Time: 00:03:14

HP:   -3/39 (49)    AC: 10    Str: 18    XL:     6   Next: 86%
MP:   19/19         EV:  9    Int:  9    God:
Gold: 148           SH:  5    Dex: 13    Spells: 11/11 levels left

rFire   . . .      SeeInvis .   d - +1 hand axe (vorpal)
rCold   . . .      Faith    .   c - +0 buckler
rNeg    . . .      Spirit   .   b - +0 scale mail
rPois   .          Reflect  .   (helmet restricted)
rElec   .          Harm     .   (no cloak)
rCorr   .          Rampage  .   (no gloves)
Will    .....                   q - +0 pair of boots
Stlth   ..........              (no amulet)
HPRegen 0.13/turn               g - ring of magical power
MPRegen 0.16/turn               (no ring)

@: flying, heavily drained
A: antennae 1, icy blue scales 1, demonic magic 1
a: no special abilities


You were on level 4 of the Dungeon.
You visited 1 branch of the dungeon, and saw 4 of its levels.

You collected 148 gold pieces.

Inventory:

Hand Weapons
 a - a +0 long sword
 d - a +1 vorpal hand axe (weapon)
Missiles
 u - a poisoned dart (quivered)
Armour
 b - a +0 scale mail (worn)
 c - a +0 buckler (worn)
 h - a +0 chain mail
 q - a +0 pair of boots (worn)
 s - a +1 leather armour of cold resistance
Jewellery
 g - a ring of magical power (left hand)
Wands
 t - a wand of paralysis (7)
Scrolls
 l - a scroll of teleportation {unknown}
 m - a scroll of enchant weapon {unknown}
 n - a scroll of noise {unknown}
 o - 2 scrolls of identify {unknown}
 r - a scroll of enchant armour {unknown}
Potions
 f - a potion of flight
 i - a potion of might
 j - a potion of cancellation {unknown}
 k - a potion of haste {unknown}
 p - a potion of heal wounds


   Skills:
 + Level 4.4 Fighting
 - Level 2.0 Long Blades
 + Level 0.7 Axes
 + Level 4.3 Armour
 + Level 1.4 Dodging
 + Level 0.2 Stealth
 + Level 3.5 Shields
 * Level 3.0 Spellcasting


You had 11 spell levels left.
You didn't know any spells.
Your spell library was empty.

Dungeon Overview and Level Annotations

Branches:
Dungeon (4/15)
 Temple: D:4-7

Altars:
Wu Jian


Innate Abilities, Weirdness & Mutations

You have a pair of small antennae on your head.
You are partially covered in icy blue scales. (AC +2)
Spells you cast may paralyse adjacent enemies.


Message History

The wight closely misses you. You block the wight's attack.
You closely miss the wight.
The wight is moderately damaged.
The wight closely misses you.
You hit the wight but do no damage.
The wight is moderately damaged.
The wight barely misses you.
You hit the wight.
The wight is severely damaged.
The wight hits you with a +0 halberd!
* * * LOW HITPOINT WARNING * * *
You feel drained.
It was a potion of flight.
You feel very buoyant.
You fly up into the air.
The wight closely misses you.
You hit the wight but do no damage.
The wight is severely damaged.
The wight hits you with a +0 halberd.
* * * LOW HITPOINT WARNING * * *
You feel drained. You block the wight's attack.
Unknown command.
It was a potion of heal wounds.
You feel much better. You block the wight's attack.
You barely miss the wight.
The wight is severely damaged.
The wight hits you with a +0 halberd!
You feel drained.
You hit the wight but do no damage.
The wight is severely damaged.
The wight hits you with a +0 halberd.
You feel drained.
You hit the wight.
The wight is almost destroyed.
You block the wight's attack. The wight hits you with a +0 halberd.
* * * LOW HITPOINT WARNING * * *
You closely miss the wight.
The wight is almost destroyed.
The wight hits you but does no damage.
You barely miss the wight.
The wight is almost destroyed.
The wight hits you with a +0 halberd!
You die...

.. ....... ... ... ..
...#.# #.# #(# #..#..#.#
#.## #.###..#..#.# #...
.......#..#.###...
#.##..............
{#.##...#..#.##....
#z#....#..#.##....
{#@#....#.##.##....
#.#...............
#..#.#.#....#.#####...#
....((.†...........#.).#
##......#....#.#####...#
#......................
........................
##.##.###....#.###...#.#
#. #. #....#.....#.#.#


You could see a wight.

Vanquished Creatures
  Grinder (D:3)
  Sigmund (D:4)
  5 adders
  A howler monkey skeleton (D:3)
  2 worms
  A dart slug (D:1)
  5 orcs
  13 bats
  5 endoplasms
  4 giant cockroaches
  7 hobgoblins
  3 jackals (D:1)
  6 ball pythons
  3 frilled lizards
  2 goblins (D:2)
  6 kobolds
  6 rats
71 creatures vanquished.

Notes
Turn   | Place    | Note
-------+----------+-------------------------------------------
     0 | D:1      | Icepheonix32 the Demonspawn Fighter began the quest for the
                  | Orb.
     0 | D:1      | Reached XP level 1. HP: 18/18 MP: 1/1
    17 | D:1      | Found a faded altar of an unknown god.
   245 | D:1      | Gained mutation: Spells you cast may paralyse adjacent
                  | enemies. [demonic ancestry]
   245 | D:1      | Reached XP level 2. HP: 24/24 MP: 2/2
  1273 | D:2      | Gained mutation: You are partially covered in icy blue
                  | scales. (AC +2) [demonic ancestry]
  1273 | D:2      | Reached XP level 3. HP: 29/29 MP: 3/3
  1520 | D:2      | Reached skill level 1 in Spellcasting
  1560 | D:2      | Found an ornate altar of the Wu Jian Council.
  1657 | D:2      | Gained mutation: You have a pair of small antennae on your
                  | head. [demonic ancestry]
  1657 | D:2      | Reached XP level 4. HP: 22/35 MP: 5/5
  2144 | D:3      | Noticed Grinder
  2146 | D:3      | Paralysed by Grinder for 2 turns
  2153 | D:3      | Killed Grinder
  2154 | D:3      | Reached skill level 1 in Dodging
  2154 | D:3      | Reached XP level 5. HP: 19/42 MP: 8/8
  2154 | D:3      | Reached XP level 6. HP: 21/48 MP: 9/9
  2979 | D:4      | Noticed Sigmund
  2993 | D:4      | Killed Sigmund
  3189 | D:4      | HP: 1/43 [wight/+0 halberd (2)]
  3195 | D:4      | Slain by a wight

Illustrated notes

Levels and vault maps discovered:
D:1:      dpeg_arrival_shrine, layout_basic, ebering_ecumenical_altar_abandoned
D:2:      layout_rooms, basic_altar
D:3:      layout_basic, kennysheep_generic_room_13, uniq_grinder
D:4:      layout_basic, lemuel_crystal_altar, minmay_temple_entry_statues,
          uniq_pikel, uniq_sigmund, uniq_menkaure

Skill      XL: |  1  2  3  4  5  6 |
---------------+-------------------+-----
Armour         | 3 4 |  4.3
Long Blades    | 2 |  2.0
Spellcasting   | 1 2 3 |  3.0
Shields        | 3 |  3.5
Fighting       | 4 |  4.4
Dodging        | 1 |  1.4
Axes           | |  0.7
Stealth        | |  0.2

Action                   |  1- 3 |  4- 6 || total
-------------------------+-------+-------++-------
Melee: Long sword        |   133 |    52 ||   185
       Hand axe          |       |    61 ||    61
Throw: Dart              |       |     4 ||     4
  Use: Potion            |       |     5 ||     5
       Scroll            |       |     2 ||     2
Armor: Scale mail        |    92 |    47 ||   139
Dodge: Dodged            |    81 |    55 ||   136
Block: Buckler           |    35 |    30 ||    65
